 Dungeon Crawl Stone Soup version 0.23.0 (webtiles) character file.

Game seed: 7262605235747651143

16013 tidbits the Thaumaturge (level 12, -16/94 HPs)
             Began as a Gnoll Skald on Feb 11, 2019.
             Was a High Priest of Cheibriados.
             Demolished by a komodo dragon (28 damage)
             ... on level 1 of the Lair of Beasts.
             The game lasted 00:36:25 (3373 turns).

tidbits the Thaumaturge (Gnoll Skald)               Turns: 3373, Time: 00:36:26

Health: -16/94     AC:  6    Str: 26    XL:     12   Next: 33%
Magic:  18/24      EV: 21    Int: 32    God:    Cheibriados [*****.]
Gold:   490        SH:  0    Dex: 27    Spells: 14/28 levels left

rFire    . . .     SeeInvis .   a - +1 trident
rCold    + . .     Gourm    .   (no shield)
rNeg     . . .     Faith    .   B - +0 troll leather armour
rPois    .         Spirit   .   (no helmet)
rElec    .         Reflect  .   C - +0 cloak
rCorr    .         Harm     .   (no gloves)
MR       .....                  (no boots)
Stlth    ++++......             g - amulet of the acrobat
HPRegen  0.65/turn              X - ring of ice
MPRegen  0.19/turn              Z - ring of fire

@: very slow
A: distributed training, fangs 1, cold resistance 1, no potion heal 2,
MP-powered wands, strong nose
a: Bend Time, Temporal Distortion, Slouch, Step From Time, Renounce Religion


You were on level 1 of the Lair of Beasts.
You worshipped Cheibriados.
Cheibriados was extremely pleased with you.
You were not hungry.

You visited 2 branches of the dungeon, and saw 14 of its levels.

You collected 490 gold pieces.

Inventory:

Hand Weapons
 a - a +1 trident (weapon)
 b - the +2 mace "Fimnauss" {protect, rElec}
   (You found it on level 4 of the Dungeon)

   It protects the one who uses it against injury (+AC on strike).
   It insulates you from electricity.
 o - a +0 war axe
 p - a +3 dagger of venom
   (You took it off Dowan on level 5 of the Dungeon)
 y - a +0 dire flail of protection
   (You took it off a two-headed ogre on level 13 of the Dungeon)
 A - a +0 blowgun
 K - a +0 hand axe of electrocution
   (You found it on level 8 of the Dungeon)
 L - a +3 scimitar of flaming
   (You took it off Erica on level 9 of the Dungeon)
 N - a +0 hunting sling
 Q - a +2 hand axe of freezing
   (You took it off an orc on level 9 of the Dungeon)
 S - a +0 antimagic great sword
   (You found it on level 9 of the Dungeon)
 T - a +0 shortbow
Missiles
 e - a tomahawk (quivered)
 u - 3 javelins
 x - 38 stones
 F - 15 poisoned needles
 O - 15 sling bullets
 U - 5 arrows
Armour
 m - a +0 leather armour
 B - a +0 troll leather armour (worn)
 C - a +0 cloak (worn)
 G - a +0 ring mail
 H - a scarf of cloud immunity
   (You found it on level 6 of the Dungeon)
 M - a +2 robe of magic resistance
   (You took it off Erica on level 9 of the Dungeon)
 P - a +1 leather armour of fire resistance
   (You took it off Joseph on level 9 of the Dungeon)
 V - +0 acid dragon scales
Jewellery
 g - an amulet of the acrobat (around neck)
   (You found it on level 3 of the Dungeon)
 X - a ring of ice (left hand)
   (You found it on level 13 of the Dungeon)
 Z - a ring of fire (right hand)
   (You found it on level 13 of the Dungeon)
Wands
 E - a wand of acid (4)
 J - a wand of enslavement (8)
 R - a wand of disintegration (5)
Scrolls
 c - a scroll of blinking
 j - 3 scrolls of fear
 s - 5 scrolls of remove curse
 t - a scroll of teleportation
 v - a scroll of torment
 w - a scroll of noise {!r}
 I - a scroll of enchant weapon
 W - a scroll of silence {!r}
Potions
 f - 2 potions of curing
 h - 3 potions of heal wounds {unknown}
 i - a potion of haste
 l - 2 potions of degeneration {!q}
 n - 2 potions of flight
 q - 4 potions of brilliance
 z - a potion of magic
 Y - 2 potions of lignification
Miscellaneous
 k - a box of beasts
Comestibles
 d - 6 rations


   Skills:
 + Level 8.5 Fighting
 + Level 7.0 Short Blades
 + Level 7.0 Long Blades
 + Level 7.0 Axes
 + Level 7.0 Maces & Flails
 + Level 8.5 Polearms
 + Level 7.0 Staves
 + Level 7.0 Slings
 + Level 7.0 Bows
 + Level 7.0 Crossbows
 + Level 7.0 Throwing
 + Level 7.6 Armour
 + Level 8.5 Dodging
 + Level 7.0 Stealth
 + Level 7.0 Shields
 + Level 7.0 Unarmed Combat
 + Level 8.7 Spellcasting
 + Level 5.8 Conjurations
 + Level 5.8 Hexes
 + Level 8.1 Charms
 + Level 5.8 Summonings
 + Level 5.8 Necromancy
 + Level 5.8 Translocations
 + Level 5.8 Transmutations
 + Level 5.8 Fire Magic
 + Level 5.8 Ice Magic
 + Level 5.8 Air Magic
 + Level 5.8 Earth Magic
 + Level 5.8 Poison Magic
 + Level 7.7 Invocations
 + Level 7.0 Evocations


You had 14 spell levels left.
You knew the following spells:

 Your Spells              Type           Power        Failure   Level  Hunger
c - Confuse               Hex            ######..     1%          3    None
g - Shroud of Golubria    Chrm/Tloc      ######....   1%          2    None
i - Infusion              Chrm           ####         1%          1    None
r - Regeneration          Chrm/Necr      ######....   1%          3    None
w - Spectral Weapon       Hex/Chrm       ######..     1%          3    None
y - Song of Slaying       Chrm           ######..     1%          2    None

Your spell library contained the following spells:

 Spells                   Type           Power        Failure   Level  Hunger
 Corona                   Hex            ######.      1%          1    None
 Ensorcelled Hibernation  Hex/Ice        ######       1%          2    None
 Dazzling Spray           Conj/Hex       ######       1%          3    None
 Tukima's Dance           Hex            ######..     1%          3    None


Dungeon Overview and Level Annotations

Branches:
Dungeon (13/15)              Lair (1/6) D:9
 Temple: D:4-7          Orc: D:9-12      Vaults: D:13-14

Altars:
Ashenzari
Cheibriados
Elyvilon
Gozag
Hepliaklqana
Qazlal
Trog
Xom
Yredelemnul
Zin
Beogh

Shops:
D:3 *


Innate Abilities, Weirdness & Mutations

Your experience applies equally to all skills.
You have very sharp teeth.
Your uncanny sense of smell can sniff out nearby items.
Your flesh is cold resistant. (rC+)
Potions are poor at restoring your health.
You expend magic power (3 MP) to strengthen your wands.


Message History

The komodo dragon completely misses you.
Casting: Spectral Weapon (safe; 1% risk of failure)
Confirm with . or Enter, or press ? or * to list all spells.
You draw out your weapon's spirit!
The porcupine completely misses you. The porcupine bites you.
You hit the porcupine.
The porcupine is lightly wounded.
Your spectral weapon is struck by the porcupine's spines.
Your spectral weapon shares its damage with you!
Your spectral weapon hits the porcupine!
The porcupine misses you.
You puncture the porcupine!
You kill the porcupine!
Cheibriados thoroughly appreciates the change of pace.
The komodo dragon closely misses your spectral weapon.
The komodo dragon closely misses you.
You barely miss the komodo dragon. You bite the komodo dragon.
The komodo dragon is lightly wounded.
Your spectral weapon hits the komodo dragon!
The komodo dragon bites your spectral weapon!
Your spectral weapon shares its damage with you!
The komodo dragon barely misses your spectral weapon.
You hit the komodo dragon but do no damage.
The komodo dragon is moderately wounded.
Your spectral weapon hits the komodo dragon but does no damage.
The komodo dragon closely misses your spectral weapon.
You hit the komodo dragon.
The komodo dragon is heavily wounded.
Your spectral weapon hits the komodo dragon.
The komodo dragon closely misses you.
The komodo dragon barely misses your spectral weapon.
You hit the komodo dragon but do no damage.
You bite the komodo dragon, but do no damage.
The komodo dragon is heavily wounded.
Your spectral weapon hits the komodo dragon.
The komodo dragon bites you!
The komodo dragon misses your spectral weapon.
You hit the komodo dragon but do no damage.
You punch the komodo dragon, but do no damage.
The komodo dragon is heavily wounded.
Your spectral weapon hits the komodo dragon but does no damage.
The komodo dragon bites you!
You hit the komodo dragon but do no damage.
You bite the komodo dragon.
The komodo dragon is heavily wounded.
Your spectral weapon hits the komodo dragon.
The komodo dragon bites your spectral weapon!
Your spectral weapon shares its damage with you!
Your spectral weapon fades away.
The komodo dragon closely misses you.
You hit the komodo dragon but do no damage.
The komodo dragon is severely wounded.
The komodo dragon bites you!!
* * * LOW HITPOINT WARNING * * *
Casting: Spectral Weapon (safe; 1% risk of failure)
Confirm with . or Enter, or press ? or * to list all spells.
You draw out your weapon's spirit!
The komodo dragon barely misses you. The komodo dragon misses you.
The flow of time bends around you.
Cheibriados rebukes the komodo dragon.
The komodo dragon seems to slow down.
Cheibriados rebukes the komodo dragon.
The komodo dragon seems to slow down.
You feel slightly more hungry. The komodo dragon barely misses you.
The komodo dragon closely misses you.
You hit the komodo dragon. Your bite misses the komodo dragon.
The komodo dragon is severely wounded.
Your spectral weapon hits the komodo dragon.
The komodo dragon misses you.
You completely miss the komodo dragon.
The komodo dragon is severely wounded.
Your spectral weapon hits the komodo dragon!
The komodo dragon bites you!!
* * * LOW HITPOINT WARNING * * *
You hit the komodo dragon but do no damage.
The komodo dragon is almost dead.
Your spectral weapon hits the komodo dragon but does no damage.
The komodo dragon bites you but does no damage.
You hit the komodo dragon but do no damage.
You bite the komodo dragon.
You kill the komodo dragon!
Cheibriados appreciates the change of pace.
Your system partially rejects the healing.
You feel better. The komodo dragon closely misses you.
Throwing (i - inventory. (/) - cycle)
e - a tomahawk (quivered)
Press: ? - help, Shift-Dir - straight line, f - komodo dragon
Aim: a komodo dragon (slow)
Okay, then.
You hit the komodo dragon.
The komodo dragon is lightly wounded.
Your spectral weapon hits the komodo dragon from afar.
The komodo dragon bites you!
* * * LOW HITPOINT WARNING * * *
You hit the komodo dragon but do no damage.
The komodo dragon is moderately wounded.
Your spectral weapon hits the komodo dragon but does no damage.
You hit the komodo dragon but do no damage.
The komodo dragon is moderately wounded.
Your spectral weapon hits the komodo dragon from afar.
The komodo dragon bites you!!
You die...

### # #.# P. #=.
...#### #.###
....... #...# #
....... #.<.###.##
.......##r.......#
#.(@#......#+.#
#...l.........#
##.......##.⌠...
...####...# ..#$
..... .##.# ##
.#... .. .... ..##
... ..... #. ....
...[. ...⌠ ⌠S#.


You could see a komodo dragon and a friendly spectral +1 trident.

Vanquished Creatures
  Snorg (D:11)
  2 hydras (D:11)
  2 two-headed ogres
  Erica (D:9)
  Pikel (D:5)
  A manticore (D:11)
  A deep elf mage (D:13)
  A cyclops (D:10)
  Joseph (D:9)
  Psyche (D:9)
  2 komodo dragons
  A kobold demonologist (D:12)
  A troll (D:9)
  4 hippogriffs
  A wyvern (D:9)
  15 yaks
  A hungry ghost (D:5)
  Menkaure (D:6)
  2 acid dragons
  A soldier ant (D:11)
  A water moccasin (D:11)
  A porcupine (Lair:1)
  Duvessa (D:5)
  4 black bears
  8 orc warriors
  An eye of draining (D:11)
  2 slaves (D:5)
  9 ogres
  2 wolves (D:9)
  A centaur (D:10)
  3 big kobolds
  A gnoll sergeant (D:8)
  A bullfrog (D:9)
  Dowan (D:5)
  A water moccasin zombie (D:11)
  2 scorpions
  An electric eel (D:9)
  2 howler monkeys (D:9)
  A quasit (D:9)
  3 centaur zombies
  8 hounds
  A bullfrog zombie (D:6)
  3 jellies
  11 orc priests
  A bullfrog skeleton (D:9)
  2 worker ants
  An iguana (D:12)
  7 orc wizards
  A hound zombie (D:5)
  3 gnolls (D:8)
  9 adders
  5 shadow imps
  An adder zombie (D:3)
  A worm (D:5)
  A dart slug (D:3)
  A leopard gecko (D:10)
  83 orcs
  3 giant cockroaches
  2 goblins (D:2)
  6 jackals
  13 kobolds
  A quokka (D:9)
  2 bats (D:3)
  A frilled lizard (D:2)
  A rat (D:3)
  A spectral weapon (D:11)
256 creatures vanquished.

Vanquished Creatures (others)
  2 spectral weapons
2 creatures vanquished.

Grand Total: 258 creatures vanquished

Notes
Turn   | Place    | Note
-------+----------+-------------------------------------------
     0 | D:1      | tidbits the Gnoll Skald began the quest for the Orb.
     0 | D:1      | Reached XP level 1. HP: 20/20 MP: 6/6
    18 | D:2      | Reached XP level 2. HP: 26/26 MP: 3/7
    22 | D:2      | Learned a level 2 spell: Song of Slaying
    25 | D:2      | Learned a level 2 spell: Shroud of Golubria
   107 | D:3      | Reached XP level 3. HP: 26/31 MP: 1/9
   120 | D:3      | Reached skill level 5 in Spellcasting
   148 | D:3      | Learned a level 3 spell: Regeneration
   152 | D:3      | Learned a level 3 spell: Spectral Weapon
   179 | D:3      | Found a stormy altar of Qazlal.
   240 | D:2      | Reached skill level 1 in Invocations
   281 | D:3      | Found Zin's Purification Station.
   281 | D:3      | Found a glowing silver altar of Zin.
   323 | D:3      | Found a shattered altar of Ashenzari.
   370 | D:4      | Reached skill level 1 in Short Blades
   370 | D:4      | Reached skill level 1 in Long Blades
   370 | D:4      | Reached skill level 1 in Axes
   370 | D:4      | Reached skill level 1 in Maces & Flails
   370 | D:4      | Reached skill level 1 in Staves
   370 | D:4      | Reached skill level 1 in Slings
   370 | D:4      | Reached skill level 1 in Bows
   370 | D:4      | Reached skill level 1 in Crossbows
   370 | D:4      | Reached skill level 1 in Throwing
   370 | D:4      | Reached skill level 1 in Stealth
   370 | D:4      | Reached skill level 1 in Shields
   370 | D:4      | Reached skill level 1 in Unarmed Combat
   370 | D:4      | Reached skill level 1 in Evocations
   370 | D:4      | Reached XP level 4. HP: 33/38 MP: 6/11
   420 | D:4      | Got a dazzling mace
   421 | D:4      | Identified the +2 mace "Fimnauss" {protect, rElec} (You
                  | found it on level 4 of the Dungeon)
   462 | D:4      | Found a hazy altar of Hepliaklqana.
   501 | D:5      | Entered Level 5 of the Dungeon
   502 | D:5      | Noticed a slave
   504 | D:5      | Noticed a hungry ghost
   513 | D:5      | Killed a slave
   522 | D:5      | Killed a hungry ghost
   522 | D:5      | Reached skill level 3 in Armour
   522 | D:5      | Reached skill level 1 in Conjurations
   522 | D:5      | Reached skill level 1 in Hexes
   522 | D:5      | Reached skill level 1 in Summonings
   522 | D:5      | Reached skill level 1 in Necromancy
   522 | D:5      | Reached skill level 1 in Translocations
   522 | D:5      | Reached skill level 1 in Transmutations
   522 | D:5      | Reached skill level 1 in Fire Magic
   522 | D:5      | Reached skill level 1 in Ice Magic
   522 | D:5      | Reached skill level 1 in Air Magic
   522 | D:5      | Reached skill level 1 in Earth Magic
   522 | D:5      | Reached skill level 1 in Poison Magic
   522 | D:5      | Reached XP level 5. HP: 21/43 MP: 8/12
   524 | D:5      | Noticed Pikel
   524 | D:5      | Noticed a slave
   526 | D:5      | Noticed a slave
   579 | D:4      | Reached skill level 2 in Invocations
   579 | D:4      | Reached XP level 6. HP: 38/50 MP: 5/13
   592 | D:4      | Reached skill level 5 in Fighting
   592 | D:4      | Reached skill level 5 in Polearms
   592 | D:4      | Reached skill level 5 in Dodging
   655 | D:5      | Noticed a slave
   655 | D:5      | Noticed Duvessa
   655 | D:5      | Noticed Dowan
   681 | D:5      | Killed Duvessa
   681 | D:5      | Reached skill level 2 in Short Blades
   681 | D:5      | Reached skill level 2 in Long Blades
   681 | D:5      | Reached skill level 2 in Axes
   681 | D:5      | Reached skill level 2 in Maces & Flails
   681 | D:5      | Reached skill level 2 in Staves
   681 | D:5      | Reached skill level 2 in Slings
   681 | D:5      | Reached skill level 2 in Bows
   681 | D:5      | Reached skill level 2 in Crossbows
   681 | D:5      | Reached skill level 2 in Throwing
   681 | D:5      | Reached skill level 2 in Stealth
   681 | D:5      | Reached skill level 2 in Shields
   681 | D:5      | Reached skill level 2 in Unarmed Combat
   681 | D:5      | Reached skill level 2 in Evocations
   683 | D:5      | Killed Dowan
   683 | D:5      | Reached XP level 7. HP: 37/56 MP: 4/15
   748 | D:5      | Reached skill level 2 in Conjurations
   748 | D:5      | Reached skill level 2 in Hexes
   748 | D:5      | Reached skill level 2 in Summonings
   748 | D:5      | Reached skill level 2 in Necromancy
   748 | D:5      | Reached skill level 2 in Translocations
   748 | D:5      | Reached skill level 2 in Transmutations
   748 | D:5      | Reached skill level 2 in Fire Magic
   748 | D:5      | Reached skill level 2 in Ice Magic
   748 | D:5      | Reached skill level 2 in Air Magic
   748 | D:5      | Reached skill level 2 in Earth Magic
   748 | D:5      | Reached skill level 2 in Poison Magic
   751 | D:5      | HP: 9/56 [orc wizard/magic dart (3)]
   852 | D:6      | Found a snail-covered altar of Cheibriados.
   852 | D:6      | Found a shimmering altar of Xom.
   856 | D:6      | Became a worshipper of Cheibriados the Contemplative
   894 | D:6      | Reached skill level 3 in Invocations
   977 | D:6      | Reached XP level 8. HP: 51/63 MP: 12/16
  1000 | D:6      | Reached skill level 6 in Charms
  1010 | D:6      | Reached skill level 4 in Armour
  1018 | D:6      | Reached skill level 3 in Short Blades
  1018 | D:6      | Reached skill level 3 in Long Blades
  1018 | D:6      | Reached skill level 3 in Axes
  1018 | D:6      | Reached skill level 3 in Maces & Flails
  1018 | D:6      | Reached skill level 3 in Staves
  1018 | D:6      | Reached skill level 3 in Slings
  1018 | D:6      | Reached skill level 3 in Bows
  1018 | D:6      | Reached skill level 3 in Crossbows
  1018 | D:6      | Reached skill level 3 in Throwing
  1018 | D:6      | Reached skill level 3 in Stealth
  1018 | D:6      | Reached skill level 3 in Shields
  1018 | D:6      | Reached skill level 3 in Unarmed Combat
  1018 | D:6      | Reached skill level 3 in Evocations
  1074 | D:6      | Found an opulent altar of Gozag.
  1112 | D:6      | Noticed Menkaure
  1118 | D:6      | HP: 10/63 [??? (7)]
  1119 | D:6      | Killed Menkaure
  1119 | D:6      | Reached * piety under Cheibriados
  1119 | D:6      | Reached skill level 6 in Spellcasting
  1156 | D:4      | Found a basalt altar of Yredelemnul.
  1177 | D:5      | Killed Pikel
  1177 | D:5      | Reached skill level 3 in Conjurations
  1177 | D:5      | Reached skill level 3 in Hexes
  1177 | D:5      | Reached skill level 3 in Summonings
  1177 | D:5      | Reached skill level 3 in Necromancy
  1177 | D:5      | Reached skill level 3 in Translocations
  1177 | D:5      | Reached skill level 3 in Transmutations
  1177 | D:5      | Reached skill level 3 in Fire Magic
  1177 | D:5      | Reached skill level 3 in Ice Magic
  1177 | D:5      | Reached skill level 3 in Air Magic
  1177 | D:5      | Reached skill level 3 in Earth Magic
  1177 | D:5      | Reached skill level 3 in Poison Magic
  1177 | D:5      | Reached skill level 4 in Invocations
  1244 | D:6      | Reached XP level 9. HP: 49/69 MP: 8/18
  1313 | D:7      | Reached skill level 6 in Fighting
  1313 | D:7      | Reached skill level 6 in Polearms
  1313 | D:7      | Reached skill level 6 in Dodging
  1329 | D:7      | Gained mutation: Potions are less effective at restoring
                  | your health. [potion of mutation]
  1329 | D:7      | Gained mutation: Potions are poor at restoring your health.
                  | [potion of mutation]
  1329 | D:7      | Gained mutation: Your flesh is cold resistant. (rC+)
                  | [potion of mutation]
  1329 | D:7      | Gained mutation: You expend magic power (3 MP) to
                  | strengthen your wands. [potion of mutation]
  1347 | D:7      | You fall through a shaft!
  1360 | D:8      | Reached skill level 4 in Short Blades
  1360 | D:8      | Reached skill level 4 in Long Blades
  1360 | D:8      | Reached skill level 4 in Axes
  1360 | D:8      | Reached skill level 4 in Maces & Flails
  1360 | D:8      | Reached skill level 4 in Staves
  1360 | D:8      | Reached skill level 4 in Slings
  1360 | D:8      | Reached skill level 4 in Bows
  1360 | D:8      | Reached skill level 4 in Crossbows
  1360 | D:8      | Reached skill level 4 in Throwing
  1360 | D:8      | Reached skill level 4 in Stealth
  1360 | D:8      | Reached skill level 4 in Shields
  1360 | D:8      | Reached skill level 4 in Unarmed Combat
  1360 | D:8      | Reached skill level 4 in Evocations
  1467 | D:8      | Reached ** piety under Cheibriados
  1501 | D:8      | Reached skill level 5 in Armour
  1505 | D:8      | Found a roughly hewn altar of Beogh.
  1522 | D:9      | Noticed a troll
  1527 | D:9      | Reached *** piety under Cheibriados
  1534 | D:9      | Killed a troll
  1594 | D:9      | Noticed Psyche
  1608 | D:9      | Killed Psyche
  1608 | D:9      | Reached skill level 5 in Invocations
  1620 | D:10     | Entered Level 10 of the Dungeon
  1635 | D:9      | Found a bloodstained altar of Trog.
  1647 | D:9      | Reached skill level 7 in Spellcasting
  1647 | D:9      | Reached XP level 10. HP: 68/77 MP: 10/20
  1655 | D:9      | Noticed Erica
  1776 | D:9      | Reached skill level 4 in Conjurations
  1776 | D:9      | Reached skill level 4 in Hexes
  1776 | D:9      | Reached skill level 4 in Summonings
  1776 | D:9      | Reached skill level 4 in Necromancy
  1776 | D:9      | Reached skill level 4 in Translocations
  1776 | D:9      | Reached skill level 4 in Transmutations
  1776 | D:9      | Reached skill level 4 in Fire Magic
  1776 | D:9      | Reached skill level 4 in Ice Magic
  1776 | D:9      | Reached skill level 4 in Air Magic
  1776 | D:9      | Reached skill level 4 in Earth Magic
  1776 | D:9      | Reached skill level 4 in Poison Magic
  1842 | D:9      | Killed Erica
  1842 | D:9      | Reached skill level 5 in Short Blades
  1842 | D:9      | Reached skill level 5 in Long Blades
  1842 | D:9      | Reached skill level 5 in Axes
  1842 | D:9      | Reached skill level 5 in Maces & Flails
  1842 | D:9      | Reached skill level 5 in Staves
  1842 | D:9      | Reached skill level 5 in Slings
  1842 | D:9      | Reached skill level 5 in Bows
  1842 | D:9      | Reached skill level 5 in Crossbows
  1842 | D:9      | Reached skill level 5 in Throwing
  1842 | D:9      | Reached skill level 5 in Stealth
  1842 | D:9      | Reached skill level 5 in Shields
  1842 | D:9      | Reached skill level 5 in Unarmed Combat
  1842 | D:9      | Reached skill level 5 in Evocations
  1847 | D:9      | Reached skill level 7 in Charms
  1911 | D:9      | Noticed Joseph
  1921 | D:9      | Killed Joseph
  1921 | D:9      | Reached skill level 7 in Fighting
  1921 | D:9      | Reached skill level 7 in Polearms
  1921 | D:9      | Reached skill level 7 in Dodging
  1946 | D:9      | Found a white marble altar of Elyvilon.
  2033 | D:9      | Reached **** piety under Cheibriados
  2033 | D:9      | Reached skill level 6 in Armour
  2113 | D:9      | Found a roughly hewn altar of Beogh.
  2184 | D:10     | Reached skill level 6 in Invocations
  2186 | D:10     | Noticed a cyclops
  2197 | D:10     | Killed a cyclops
  2320 | D:11     | Noticed a five-headed hydra
  2327 | D:11     | Killed a five-headed hydra
  2327 | D:11     | Reached XP level 11. HP: 39/84 MP: 14/22
  2358 | D:11     | Reached ***** piety under Cheibriados
  2493 | D:11     | Noticed Snorg
  2506 | D:11     | Killed Snorg
  2506 | D:11     | Reached skill level 6 in Short Blades
  2506 | D:11     | Reached skill level 6 in Long Blades
  2506 | D:11     | Reached skill level 6 in Axes
  2506 | D:11     | Reached skill level 6 in Maces & Flails
  2506 | D:11     | Reached skill level 6 in Staves
  2506 | D:11     | Reached skill level 6 in Slings
  2506 | D:11     | Reached skill level 6 in Bows
  2506 | D:11     | Reached skill level 6 in Crossbows
  2506 | D:11     | Reached skill level 6 in Throwing
  2506 | D:11     | Reached skill level 6 in Stealth
  2506 | D:11     | Reached skill level 6 in Shields
  2506 | D:11     | Reached skill level 6 in Unarmed Combat
  2506 | D:11     | Reached skill level 5 in Conjurations
  2506 | D:11     | Reached skill level 5 in Hexes
  2506 | D:11     | Reached skill level 5 in Summonings
  2506 | D:11     | Reached skill level 5 in Necromancy
  2506 | D:11     | Reached skill level 5 in Translocations
  2506 | D:11     | Reached skill level 5 in Transmutations
  2506 | D:11     | Reached skill level 5 in Fire Magic
  2506 | D:11     | Reached skill level 5 in Ice Magic
  2506 | D:11     | Reached skill level 5 in Air Magic
  2506 | D:11     | Reached skill level 5 in Earth Magic
  2506 | D:11     | Reached skill level 5 in Poison Magic
  2506 | D:11     | Reached skill level 6 in Evocations
  2538 | D:11     | Reached skill level 8 in Spellcasting
  2735 | D:11     | Noticed a manticore
  2746 | D:11     | Killed a manticore
  2768 | D:11     | Noticed a four-headed hydra
  2775 | D:11     | Killed a four-headed hydra
  2812 | D:11     | Reached skill level 7 in Invocations
  2814 | D:11     | Noticed a two-headed ogre
  2822 | D:11     | Killed a two-headed ogre
  2822 | D:11     | Reached skill level 8 in Fighting
  2822 | D:11     | Reached skill level 8 in Polearms
  2822 | D:11     | Reached skill level 7 in Armour
  2822 | D:11     | Reached skill level 8 in Dodging
  2845 | D:11     | You fall through a shaft for 2 floors!
  2964 | D:13     | Noticed a two-headed ogre
  2967 | D:13     | Noticed a deep elf mage
  2975 | D:13     | Killed a two-headed ogre
  2975 | D:13     | Reached XP level 12. HP: 51/93 MP: 21/24
  2986 | D:13     | Reached skill level 8 in Charms
  3096 | D:13     | Learned a level 3 spell: Confuse
  3311 | D:9      | Found a staircase to the Lair.
  3324 | D:9      | Reached skill level 7 in Short Blades
  3324 | D:9      | Reached skill level 7 in Long Blades
  3324 | D:9      | Reached skill level 7 in Axes
  3324 | D:9      | Reached skill level 7 in Maces & Flails
  3324 | D:9      | Reached skill level 7 in Staves
  3324 | D:9      | Reached skill level 7 in Slings
  3324 | D:9      | Reached skill level 7 in Bows
  3324 | D:9      | Reached skill level 7 in Crossbows
  3324 | D:9      | Reached skill level 7 in Throwing
  3324 | D:9      | Reached skill level 7 in Stealth
  3324 | D:9      | Reached skill level 7 in Shields
  3324 | D:9      | Reached skill level 7 in Unarmed Combat
  3324 | D:9      | Reached skill level 7 in Evocations
  3346 | Lair:1   | Entered Level 1 of the Lair of Beasts
  3367 | Lair:1   | HP: 13/94 [komodo dragon (26)]
  3373 | Lair:1   | Demolished by a komodo dragon

Skill      XL: |  1  2  3  4  5  6  7  8  9 10 11 12 |
---------------+-------------------------------------+-----
Spellcasting   | 5 6 7 8 |  8.7
Invocations    | 1 2 3 4 5 6 7 |  7.7
Short Blades   | 1 2 3 4 5 6 7 |  7.0
Long Blades    | 1 2 3 4 5 6 7 |  7.0
Axes           | 1 2 3 4 5 6 7 |  7.0
Maces & Flails | 1 2 3 4 5 6 7 |  7.0
Staves         | 1 2 3 4 5 6 7 |  7.0
Slings         | 1 2 3 4 5 6 7 |  7.0
Bows           | 1 2 3 4 5 6 7 |  7.0
Crossbows      | 1 2 3 4 5 6 7 |  7.0
Throwing       | 1 2 3 4 5 6 7 |  7.0
Stealth        | 1 2 3 4 5 6 7 |  7.0
Shields        | 1 2 3 4 5 6 7 |  7.0
Unarmed Combat | 1 2 3 4 5 6 7 |  7.0
Evocations     | 1 2 3 4 5 6 7 |  7.0
Armour         | 3 4 5 6 7 |  7.6
Conjurations   | 1 2 3 4 5 |  5.8
Hexes          | 1 2 3 4 5 |  5.8
Summonings     | 1 2 3 4 5 |  5.8
Necromancy     | 1 2 3 4 5 |  5.8
Translocations | 1 2 3 4 5 |  5.8
Transmutations | 1 2 3 4 5 |  5.8
Fire Magic     | 1 2 3 4 5 |  5.8
Ice Magic      | 1 2 3 4 5 |  5.8
Air Magic      | 1 2 3 4 5 |  5.8
Earth Magic    | 1 2 3 4 5 |  5.8
Poison Magic   | 1 2 3 4 5 |  5.8
Fighting       | 5 6 7 8 |  8.5
Polearms       | 5 6 7 8 |  8.5
Dodging        | 5 6 7 8 |  8.5
Charms         | 6 7 8 |  8.1

Action                   |  1- 3 |  4- 6 |  7- 9 | 10-12 || total
-------------------------+-------+-------+-------+-------++-------
Melee: Spear             |    60 |       |       |       ||    60
       Bite              |     2 |     4 |    19 |    77 ||   102
       Mace              |       |    45 |    75 |       ||   120
       Trident           |       |       |   113 |   340 ||   453
       Punch             |       |       |    10 |    19 ||    29
       Dagger            |       |       |       |     2 ||     2
Throw: Javelin           |     3 |     7 |     9 |    11 ||    30
       Tomahawk          |       |       |       |     9 ||     9
       Stone             |       |       |       |     1 ||     1
 Cast: Infusion          |     3 |       |       |       ||     3
       Spectral Weapon   |     4 |     6 |    27 |    42 ||    79
       Song of Slaying   |       |     2 |     4 |     4 ||    10
       Regeneration      |       |     1 |     9 |    12 ||    22
       Shroud of Golubri |       |     1 |     6 |     8 ||    15
Invok: Bend Time         |       |       |       |     9 ||     9
       Slouch            |       |       |       |     2 ||     2
Evoke: Wand              |       |       |     7 |     4 ||    11
  Use: Scroll            |       |     2 |     3 |    14 ||    19
       Potion            |       |       |     4 |     4 ||     8
 Stab: Sleeping          |     1 |       |     1 |     5 ||     7
       Distracted        |       |       |     3 |     4 ||     7
  Eat: Ration            |     1 |       |     1 |     2 ||     4
       Chunk             |       |     2 |     3 |       ||     5
Armor: Leather armour    |     4 |     8 |    18 |       ||    30
       Ring mail         |       |       |    12 |       ||    12
       Troll leather arm |       |       |     4 |    32 ||    36
Dodge: Dodged            |    35 |    36 |   115 |   219 ||   405

Table legend:
 A = Turns spent in this place as a percentage of turns spent in the entire game.
 B = Non-inter-level travel turns spent in this place as a percentage of non-inter-level travel turns spent in the entire game.
 C = Inter-level travel turns spent in this place as a percentage of turns spent in this place.
 D = Turns resting spent in this place as a percentage of non-inter-level travel turns spent in this place.
 E = Turns spent auto-exploring this place as a percentage of non-inter-level travel turns spent in this place.
 F = Non-inter-level travel turns spent in this place divided by the number of levels of this place that you've seen.
                   A       B       C       D       E      F
               +-------+-------+-------+-------+-------+----------------------
         Total | 100.0 | 100.0 |   2.8 |   0.0 |   0.0 | 234.2
       Dungeon |  99.2 |  99.2 |   2.8 |   0.0 |   0.0 | 250.2
          Lair |   0.8 |   0.8 |   0.0 |   0.0 |   0.0 |  27.0
               +-------+-------+-------+-------+-------+----------------------

Table legend:
 A = Kills in this place as a percentage of kills in entire the game.
 B = Kills by you in this place as a percentage of kills by you in the entire game.
 C = Kills by friends in this place as a percentage of kills by friends in the entire game.
 D = Other kills in this place as a percentage of other kills in the entire game.
 E = Experience gained in this place as a percentage of experience gained in the entire game.
 F = Experience gained in this place divided by the number of levels of this place that you have seen.
                   A       B       C       D       E      F
               +-------+-------+-------+-------+-------+----------------------
         Total | 100.0 | 100.0 |   N/A |   N/A | 100.0 | 1634.1
       Dungeon |  99.2 |  99.2 |   N/A |   N/A |  97.8 | 1720.5
          Lair |   0.8 |   0.8 |   N/A |   N/A |   2.2 | 510.0
               +-------+-------+-------+-------+-------+----------------------

Levels and vault maps discovered:
D:1:      lemuel_arrival_hallway, layout_rooms
D:2:      layout_basic, first_ration
D:3:      layout_loops_corners, ashenzari_altar_1, lemuel_crystal_altar,
          zin_purify
D:4:      layout_loops_ring, kennysheep_little_box,
          nicolae_overflow_hidden_temple, uniq_blork_the_orc
D:5:      layout_cave_pools, ebering_dispersal_statue_hall, uniq_pikel,
          uniq_duvessa
D:6:      layout_gridville, gammafunk_temple_overflow_wave,
          minmay_temple_entry_nine_rooms, grunt_gozag_statues, uniq_menkaure
D:7:      layout_rooms, overflow_temple_1_default,
          gammafunk_temple_overflow_elements, enter_ossuary_3
D:8:      layout_basic, special_room [special_room_orc],
          minmay_tree_intersection
D:9:      layout_roguey [special_room_orc], old_standard_altar,
          trog_ov_bears_minmay, erik_lair_island, orc_0_dummy, uniq_psyche,
          uniq_erica, uniq_joseph
D:10:     minmay_opposing_rooms, layout_loops_ring
D:11:     layout_stronghold, uniq_snorg
D:12:     layout_loops_corners
D:13:     layout_roguey, portal_ice_cave_demonic_guard, gauntlet_entry_generic
Lair:1:   layout_misc_corridors, grunt_megastairs_4
